[Event "FRA-ch 91st"]
[Site "Agen"]
[Date "2016.08.19"]
[Round "7"]
[White "Edouard, Romain"]
[Black "Gharamian, Tigran"]
[Result "1-0"]
[ECO "C65"]
[WhiteElo "2647"]
[BlackElo "2637"]
[Annotator "Besenthal,K/Primel,D"]
[PlyCount "119"]
[EventDate "2016.08.13"]
[EventType "tourn"]
[EventRounds "9"]
[EventCountry "FRA"]
[EventCategory "14"]
[SourceTitle "CBM 174"]
[Source "ChessBase"]
[SourceDate "2016.09.13"]
[SourceVersion "1"]
[SourceVersionDate "2016.09.13"]
[SourceQuality "1"]
[TimeControl "40/5400+30:1800+30"]

1. e4 e5 2. Nf3 Nc6 3. Bb5 Nf6 4. d3 Bc5 5. O-O Nd4 6. Nxd4 Bxd4 7. c3 (7. Nd2 a6 8. Ba4
b5 9. Bb3 d6 10. a4 Bb6 11. axb5 Bg4 12. Nf3 axb5 13. Rxa8 Qxa8 14. h3 Be6 15.
Bxe6 fxe6 16. Nh2 O-O 17. Ng4 Qe8 18. Be3 Bxe3 19. Nxe3 Qc6 20. Qd2 d5 21. f3
d4 22. Ng4 Nxg4 23. hxg4 h6 24. g5 hxg5 25. Qxg5 Qxc2 26. Qxe5 Qxd3 27. Qxe6+
Kh7 28. Qh3+ Kg8 29. Qe6+ Kh7 30. Qh3+ Kg8 {1/2-1/2 (30) Anand,V (2762)
-Nakamura,H (2790) Moscow 2016}) 7... Bb6 8. Ba4 O-O 9. Bg5 h6 10. Bh4 d6 11. Kh1 g5 12. Bg3 Bg4 $146 (12... h5 13. f3 h4 14.
Bf2 Bxf2 15. Rxf2 Nh5 16. Nd2 Qf6 17. Kg1 Be6 18. Nf1 d5 19. exd5 Bxd5 20. Ne3
Rad8 21. Nxd5 Rxd5 22. Qb3 Rxd3 23. Qxb7 Qb6 24. Qxb6 axb6 25. Bb5 Rd6 26. a4
Rfd8 27. b4 Nf4 28. a5 Nd5 29. Rc2 bxa5 30. bxa5 c6 31. Be2 Nc7 32. a6 Nb5 33.
Kf2 Ra8 34. Bc4 Kg7 35. Ra5 f5 36. Ke3 Rd7 37. Rd2 Rc7 38. Rd3 Kf8 39. g3 hxg3
40. hxg3 Ke7 41. Rd2 Rca7 42. Bxb5 {Spraggett,K (2588)-Pap,M (2511) France
2011 1/2-1/2}) 13. f3 Be6 14. d4 Nh5 15. Bf2 Nf4 16. Na3 Qf6 17. Bb3 Rad8 18. Bxe6 Qxe6 19. d5 Qg6 20. Bxb6 axb6 21. g3 Nh5 22. Nc2 Ng7 23. g4 h5 24. Qe2 (24.
h3) 24... Ra8 25. Rg1 h4 26.
Ne3 f6 27. a4 Ra6 28. Ra3 Rfa8 29. Rga1 Qe8 30. Qc4 Qd7 31. Qb4 Qc8 32. Nc4 R8a7 33. Kg1 Ne8 34. Qb5 Kf8 35. Kf2 c6 36. Qb4 c5 37. Qb3 Qd8 38.
Ke2 Qc7 39. Qc2 Ra8 40. Kd3 R8a7 41. Rb3 Rxa4 42. Rxa4 Rxa4 43. Rxb6 $1 Rxc4 44. Rb5 b6 45. Qb3 Qa7 46. Qxc4 Nc7 47. Rb3 Qa1 48. Kc2 Qa2 (48... b5 $5) 49. Qd3 Qa4 50. c4 b5 51. Kb1 b4 52. Qc2 Ke7 53. Rd3 Qxc2+ 54. Kxc2 {
[%emt 0:00:01] Ist die Schwarze Stellung eine uneinnehmbare Festung?} Kd7 55. Rd1 Kc8 56. Ra1 Kb7 57. Kd3 Na8 58.
f4 $1 {[%emt 0:02:42] Nein!} exf4 ({Oder} 58... gxf4 59. Rf1
Nb6 60. Rf3 Na4 61. Kc2 Kc8 62. Rh3 Kd8 63. Rxh4 {usw.}) 59. e5 dxe5 ({Oder} 59... fxe5 60. Ke4) 60. Ra5 1-0

[Event "Khanty-Mansiysk FIDE GP (Women)"]
[Site "Khanty-Mansiysk"]
[Date "2014.04.19"]
[Round "9"]
[White "Kosintseva, Tatiana"]
[Black "Zhao, Xue"]
[Result "1/2-1/2"]
[ECO "C65"]
[WhiteElo "2496"]
[BlackElo "2552"]
[Annotator "ChessBase Website"]
[PlyCount "149"]
[EventDate "2014.04.09"]
[EventType "tourn"]
[EventRounds "11"]
[EventCountry "RUS"]
[EventCategory "10"]
[SourceTitle "CBM 160"]
[Source "ChessBase"]
[SourceDate "2014.05.15"]
[SourceVersion "1"]
[SourceVersionDate "2014.05.15"]
[SourceQuality "1"]
[TimeControl "40/5400+30:1800+30"]
[WhiteClock "1:30:00"]
[BlackClock "1:30:00"]

1. e4 e5 2. Nf3 Nc6 3. Bb5 Nf6 4. d3 Bc5 5. c3 O-O 6. O-O d6 7. h3 Ne7 8. d4 Bb6 9. Nbd2 (9. Re1 d5
10. Nxe5 Nxe4 11. Nd2 Nd6 12. Bf1 c6 13. b3 Re8 14. a4 Ng6 15. Nxg6 Rxe1 16.
Qxe1 hxg6 17. Ba3 a5 18. Qe3 Be6 19. Re1 Bc7 20. Bd3 Bf5 21. Nf3 Bxd3 22. Qxd3
Ne4 23. Nd2 Nxd2 24. Qxd2 Bd6 25. Bxd6 Qxd6 26. g3 Qd7 27. Kg2 Re8 28. Re3 Kf8
29. h4 Qf5 30. Rxe8+ Kxe8 31. Qe3+ Kd7 32. Qf3 Qxf3+ 33. Kxf3 Ke6 34. Kg4 b5
35. Kf4 Kd6 36. g4 Ke6 37. Kg5 Kd6 38. h5 gxh5 {Karjakin,S (2756)-Le Quang,L 
(2703) Beijing 2013 1-0 (63)}) 9... c6 10. Ba4 Ng6 11. Re1 Be6 12. Bc2 Qc7 13. Nf1 h6 14. Ng3 Rad8 15. Be3 Rfe8 16. Qc1 $146 (16. Qd2 d5 17. exd5 Bxd5
18. Bxg6 Bxf3 19. Bc2 exd4 20. cxd4 Bh5 21. Nxh5 Nxh5 22. Bxh6 gxh6 23. Qxh6
Bxd4 24. Bh7+ Kh8 25. Bg6+ Kg8 26. Bh7+ Kh8 27. Qxh5 Qf4 28. Be4+ Kg7 29. Qh7+
Kf8 30. Bf3 {1/2-1/2 (30) Balogh,C (2562)-Gyimesi,Z (2610) Hungary 2008}) 16...
Kh7 17. a4 a5 18. Nf5 Ng8 19. h4 f6 20. h5 $36 {[%emt 0:07:14][%csl Gh5] A very entertaining game.
The opposite colored bishops allowed Kosintseva to launch an attack on the
light-squares that cost Zhao Xue an exchange, but she obtained a pawn and some
interesting compensation for it. Eventually and endgame was reached where
White had winning chances, but nothing more. She tried for many, many moves
but was unable to bring down the Chinese wall.} N6e7 21. N3h4 Nxf5 22. exf5 Bf7 23. Ng6 exd4 24. cxd4 Ne7 25. Nf4 Qd7 26. Qd1 Kh8 27. Ne6 Bxe6 28. fxe6 Qxe6 29. Bxh6 Qc4 30. Be3 Nd5 31. Bb3 Nxe3 32. fxe3 Qb4 33. Qd3 d5 34. Bc2 Re4 35. Qf1 Rxd4 36. Qf5 Re4 37. Bxe4 Qxe4 38. Qxe4 dxe4 39. Kf2 Rd2+ 40. Kg3 Bc7+ 41. Kh3 Be5 42. Rad1 Rxb2 43. Rb1 Rb4 44. Kg4 Rxa4 45. Kf5 Kh7 46. Rxb7 Ra2 47. g4 Rf2+ 48. Kxe4 Rg2 49. Kf5 Rf2+ 50. Ke6 Rg2 51. Kf5 Rf2+ 52. Ke6 Rg2 53. Rd1 Rxg4 54. Rd8 Rg3 55. e4 Rg5 56. Kf7 Rxh5 57. Re7 Kh6 58. Rd1 Rh3 59. Re8 Kg5 60. Rf1 Kg4 61. Kxg7 Rf3 62. Rc1 a4 63. Rxc6 a3 64. Ra6 Kf4 65. Rea8 Bb2 66. Ra4 f5+ 67. e5+ Kxe5 68. R8a5+ Ke6+ 69. Kg6 Rg3+ 70. Kh5 Rd3 71. Kg6 Rg3+ 72. Kh5 Rd3 73. Kg6 Rg3+ 74. Kh5 Rd3 75. Kg6 1/2-1/2

[Event "Khanty-Mansiysk FIDE GP (Women)"]
[Site "Khanty-Mansiysk"]
[Date "2014.04.19"]
[Round "9"]
[White "Lagno, Kateryna"]
[Black "Muminova, Nafisa"]
[Result "1/2-1/2"]
[ECO "C65"]
[WhiteElo "2543"]
[BlackElo "2321"]
[Annotator "ChessBase Website"]
[PlyCount "97"]
[EventDate "2014.04.09"]
[EventType "tourn"]
[EventRounds "11"]
[EventCountry "RUS"]
[EventCategory "10"]
[SourceTitle "CBM 160"]
[Source "ChessBase"]
[SourceDate "2014.05.15"]
[SourceVersion "1"]
[SourceVersionDate "2014.05.15"]
[SourceQuality "1"]
[TimeControl "40/5400+30:1800+30"]
[WhiteClock "1:30:00"]
[BlackClock "1:30:00"]

1. e4 e5 2. Nf3 Nc6 3. Bb5 Nf6 4. O-O Bc5 5. Bxc6 dxc6 6.
Nxe5 Nxe4 7. Qe2 Qd5 8. Nd3 O-O 9. Nxc5 Nxc5 10. d3 (10. Nc3 Qf5 11. d3 Bd7
12. Be3 Rfe8 {1/2-1/2 (12) Ankit,R (2350)-Greenfeld,A (2561) Mumbai 2010})
10... Bf5 11. Nc3 Qd7 12.
Qe5 b6 13. b4 $146 (13. Be3
Rfe8 14. Qf4 Nb7 15. Ne4 Nd6 16. Nxd6 cxd6 17. Rfe1 d5 18. Bd2 Bg6 19. Rxe8+
Rxe8 20. Re1 h6 21. Rxe8+ Qxe8 22. Kf1 Qd7 23. Qb8+ Kh7 24. Bf4 c5 25. b3 c4
26. Qc7 Qxc7 27. Bxc7 cxd3 28. c3 b5 29. h4 f6 30. Ke1 Kg8 31. Kd2 h5 32. Bb8
a6 33. Ba7 Kf7 34. g3 Be4 35. f4 Ke6 36. Bf2 Kf5 37. b4 Kg4 38. Ke3 Kh3 39. Be1
Kg2 40. c4 dxc4 41. Bc3 Bf5 42. Be1 Kf1 {Armbrust,F (2300)-Misler,T (2235)
France 2007 0-1}) 13... Rae8 14. Qf4 Nb7 15. a4 Nd6 16. Bb2 Re6 17. Nd1 Rg6 18.
Ne3 Be6 19. f3 f6 20. Rfe1 Rg5 21. Re2 Nf5 22. Rae1 Nxe3 23. Rxe3 Re8 24. Re4 Rd5 25. Qe3 $36 {[%emt 0:01:53][%csl Re6] At some point it seemed that surely
White's devasting pin on the e-file would reap a deadly reward, but somehow
Muminova's cool rook movements were sufficient to hold the game and it seemed
impossible for Lagno to find an entry point. After the queen's came off it was
obvious that the opposite colored bishops would lead this game to a draw.} Kf7 26. g4 h5 27. h3 hxg4 28. fxg4 Rg5 29. Kf2 Qd6 30. Qg3 Bd7 31. Bc1 Rxe4 32. Rxe4 Qxg3+ 33. Kxg3 Re5 34. Bf4 Rxe4 35. dxe4 a5 36. c3 axb4 37. cxb4 c5 38. b5 c6 39. Bc7 cxb5 40. axb5 Bxb5 41. Bxb6 Bd3 42. Bxc5 Bxe4 43. h4 Bc2 44. Bd4 Bb1 45. Kf4 Bc2 46. g5 fxg5+ 47. Kxg5 g6 48. h5 gxh5 49. Kxh5 1/2-1/2

[Event "Khanty-Mansiysk FIDE GP (Women)"]
[Site "Khanty-Mansiysk"]
[Date "2014.04.11"]
[Round "3"]
[White "Kosintseva, Tatiana"]
[Black "Batchimeg, Tuvshintugs"]
[Result "1/2-1/2"]
[ECO "C65"]
[WhiteElo "2496"]
[BlackElo "2340"]
[Annotator "ChessBase Website"]
[PlyCount "113"]
[EventDate "2014.04.09"]
[EventType "tourn"]
[EventRounds "11"]
[EventCountry "RUS"]
[EventCategory "10"]
[SourceTitle "CBM 160"]
[Source "ChessBase"]
[SourceDate "2014.05.15"]
[SourceVersion "1"]
[SourceVersionDate "2014.05.15"]
[SourceQuality "1"]
[TimeControl "40/5400+30:1800+30"]
[WhiteClock "1:30:00"]
[BlackClock "1:30:00"]

1. e4 e5 2. Nf3 Nc6 3. Bb5 Nf6 4. d3 Bc5 5. c3 O-O 6. O-O Re8 7. Bg5 (7. Nbd2 a6 8.
Bxc6 dxc6 9. Nc4 Nd7 10. b4 Bd6 11. Qb3 Nf8 12. Bg5 Qd7 13. Be3 Ng6 14. Nfd2
Bf8 15. d4 Qe7 16. dxe5 Be6 17. Qc2 Bxc4 18. Nxc4 Nxe5 19. Nd2 a5 20. a3 axb4
21. axb4 Qe6 22. f3 Nc4 23. Bf4 c5 24. b5 Nd6 25. Rxa8 Rxa8 26. Rb1 b6 27. e5
Nc4 28. Qe4 Ra4 29. Rc1 h6 30. h4 Nb2 31. c4 Qd7 32. Rb1 Ra2 33. Be3 Na4 34.
Rb3 Rxd2 35. Bxd2 Qxd2 36. Rd3 Qc1+ {Karjakin,S (2766)-Aronian,L (2830)
Khanty-Mansiysk 2014 0-1}) 7... h6 8. Bh4 a6 9. Bxc6 dxc6 10. h3 $146 (10. d4 exd4 11. cxd4 Be7 12. Bxf6 Bxf6 13. Nc3 Bg4 14. e5 Bg5
15. Ne2 Bxf3 16. gxf3 Qd7 17. Kh1 Qh3 18. Qb3 Qf5 19. Rg1 c5 20. f4 Qe4+ 21. f3
Qxe2 22. fxg5 c4 23. Qc3 c5 24. dxc5 Qxe5 25. gxh6 {1/2-1/2 (25) Balogh,C 
(2575)-Ionov,S (2546) Moscow 2008}) 10... Bd6 11. Nbd2 c5 12. Re1 g5 {[%emt 0:06:06]
Wihte's solid approach in the Spanish paid off as Black's position was riddled
with weaknesses, and the more the position opened up the more glaring it was
that Tuvshintugs was going to be unable to hold on to all her pawns. However
in time pressure Konsintseva was unable to accurately fend off her opponent's
threats, and she allowed too much counterplay. The Mongolian player exploited
this perfectly and she never let Kosintseva have the advantage again.} 13. Bg3 Nh5 14. Nc4 b5 15. Ne3 $14 Nf4 16. a4 Rb8 17. axb5 axb5 18. d4 cxd4 19. cxd4 exd4 20. Nxd4 Qf6 21. Nef5 Bxf5 22. Nxf5 Bb4 23. Re3 Rbd8 24. Qb3 Bc5 25. Bxf4 gxf4 26. Rc3 Bb6 27. Qc2 Kh8 28. Rf3 Rg8 29. Rxf4 h5 30. Rf3 Qg5 31. Rg3 Qd2 32. Qc3+ Qxc3 33. bxc3 Rxg3 34. Nxg3 Rd2 35. Nxh5 Rc2 36.
Ra8+ Kh7 37. Nf6+ Kg6 38. Nd5 Bxf2+ 39. Kf1 Bc5 40. Rg8+ Kh7 41. Nf6+ Kh6 42. e5 Rc1+ 43. Ke2 Rxc3 44. Ng4+ Kh7 45. Nf6+ Kh6 46. g4 Re3+ 47. Kd1 Rxe5 48. h4 Be3 49. Kc2 c5 50. g5+ Bxg5 51. hxg5+ Rxg5 52. Rxg5 Kxg5 53. Ne4+ Kg4 54. Nxc5 f5 55. Ne6 f4 56. Nxf4 Kxf4 57. Kc3 1/2-1/2

[Event "Paris FIDE GP"]
[Site "Elancourt"]
[Date "2013.09.27"]
[Round "5"]
[White "Nakamura, Hikaru"]
[Black "Fressinet, Laurent"]
[Result "1/2-1/2"]
[ECO "C65"]
[WhiteElo "2772"]
[BlackElo "2708"]
[Annotator "ChessBase Website"]
[PlyCount "61"]
[EventDate "2013.09.22"]
[EventType "tourn"]
[EventRounds "11"]
[EventCountry "FRA"]
[EventCategory "20"]
[SourceTitle "CBM 157"]
[Source "ChessBase"]
[SourceDate "2013.11.12"]
[SourceVersion "1"]
[SourceVersionDate "2013.11.12"]
[SourceQuality "1"]
[TimeControl "40/7200:20/3600:900+30"]
[WhiteClock "2:00:00"]
[BlackClock "2:00:00"]

1. e4 e5 2. Nf3 Nc6 3. Bb5 Nf6 4. d3 Bc5 5. Bxc6 dxc6 6. h3 Be6 7. Qe2 Nd7 8. Be3 f6 $146 (8... Qe7 9. Bxc5 Qxc5
10. Nc3 Qd6 11. O-O-O c5 12. Nh4 O-O-O 13. Nf5 Bxf5 14. exf5 Nf6 15. Rhe1 Rhe8
16. Qf3 Qd4 17. g4 h6 18. a3 a6 19. Re3 Re7 20. Kb1 Nd5 21. Nxd5 Qxd5 22. Qxd5
Rxd5 23. Rde1 f6 24. f4 Kd7 25. c3 b5 26. Kc2 Kd6 27. b3 Re8 28. Re4 Re7 29. b4
Re8 30. c4 bxc4 31. dxc4 Rd4 32. fxe5+ fxe5 33. bxc5+ Kxc5 34. Rxe5+ Rxe5 35.
Rxe5+ Kxc4 36. Re7 c5 37. Rxg7 Rd3 38. h4 {Morozevich,A (2748)-Caruana,F (2786)
Tashkent 2012 1-0}) 9. Bxc5 Nxc5 10. Qe3 Qe7 11. Nc3 O-O-O 12. O-O-O Kb8 13. d4 exd4 14. Nxd4 Nd7 15. f4 Nb6 16. Nxe6 Qxe6 17. Qc5 Rd6 18. b3 Rhd8 19. Qh5 h6 20. Qg4 Qe7 21. Rxd6 {[%emt 0:00:26] The American
player essayed a positional Spanish which trades on d6 only after Black has
committed some of his pieces to arguably no the best squares for the pawn
structure, especially the knight on f6. However Fressinet really had no issues
equalizing and eventually he made a small sacrifice to force a perpetual.} cxd6 22. Rd1 d5 23. exd5 Qa3+ 24. Kb1 Nc4 25. bxc4 Qb4+ 26. Kc1 Qxc3 27. Qxg7 Qa1+ 28. Kd2 Qd4+ 29. Kc1 Qa1+ 30. Kd2 Qd4+ 31. Kc1 1/2-1/2

[Event "EU-Cup 30th"]
[Site "Bilbao"]
[Date "2014.09.17"]
[Round "4.4"]
[White "Movsesian, Sergei"]
[Black "Malakhov, Vladimir"]
[Result "0-1"]
[ECO "C65"]
[WhiteElo "2663"]
[BlackElo "2696"]
[Annotator "Chirila,C"]
[PlyCount "92"]
[EventDate "2014.09.14"]
[EventType "team-swiss"]
[EventRounds "7"]
[EventCountry "ESP"]
[SourceTitle "CBM 163"]
[Source "ChessBase"]
[SourceDate "2014.11.11"]
[SourceVersion "1"]
[SourceVersionDate "2014.11.11"]
[SourceQuality "1"]
[WhiteTeam "St Petersburg"]
[BlackTeam "Malachite Sverdlovsk Region"]
[WhiteTeamCountry "RUS"]
[BlackTeamCountry "RUS"]
[TimeControl "40/5400+30:1800+30"]

1. e4 e5 2. Nf3 Nc6 3. Bb5 Nf6 {The Berlin Wall, arguably the most solid
defense against 1.e4} 4. d3 {the anti-Berlin} (4. O-O Nxe4 5. d4 Nd6 6. Bxc6
dxc6 7. dxe5 Nf5 8. Qxd8+ Kxd8 {the main line, this endgame is one of the most
complex feature in chess. Garry Kasparov was not able to find a cure for it in
the match he lost against Kramnik. Carlsen is known to have problems playing
it as black (see his recent game lost against Caruana), and so on..}) 4... Bc5
5. Bxc6 dxc6 6. Nbd2 Nd7 7. Nc4 O-O 8. O-O Re8 9. a4 Bf8 10. Kh1 f6 11. Ng1 Nc5
{black wants to transfer his knight to e6, from there he will control the
important squares d4 and f4} 12. b3 Ne6 13. Ne2 c5 14. f4 exf4 15. Nxf4 Nxf4
16. Bxf4 Be6 17. Ne3 Qd7 18. Qf3 Rad8 19. Qg3 Bd6 20. Bxd6 Qxd6 21. Qh4 Qe5 22.
Rae1 c6 23. Nf5 Bxf5 24. exf5 Qd4 25. Qg3 Qd7 26. Qf4 h6 27. h3 Kh8 28. Kh2 (
28. Qg4 {was a better try to maintain a minuscule advantage, the e6 outpost
has to be used} Re7 $6 29. Re6 Rde8 30. Rfe1 Rxe6 31. fxe6 Qd5 32. c4 Qxd3 33.
Rd1 Qe3 34. Rd7 $36) 28... Re7 29. Rxe7 Qxe7 30. Qg3 Re8 31. Rf4 Qe2 32. Re4
Rxe4 33. dxe4 Qxe4 {now the position is completely equal, with best mutual
play it should lead to complete simplifications on the queen's side and a draw
will be agreed upon} 34. Qb8+ Kh7 35. Qxa7 (35. Qxb7 {was also possible} Qxc2
36. a5 $1 {in queens endgames, the most important is how close one's pawn is
to promotion, not the material balance} Qxf5 37. Qxa7 Qe5+ 38. Kg1 Qd4+ 39. Kh2
Qe5+ $11) 35... c4 $1 {black already begins to exert some pressure, the
position is still equal with best play} 36. Qxb7 (36. bxc4 Qxc4 37. a5 (37.
Qxb7 $2 Qxa4 38. c3 Qf4+ 39. Kg1 Qe3+ 40. Kh2 Qxc3 $19) 37... Qf4+ 38. Kh1 Qxf5
39. Qxb7 Qxa5 40. Qxc6 $11) 36... c3 {now white already need to start being
really careful, now the character of the position changed and a pawn race
could easily take place} 37. Qc7 (37. a5 Qxc2 38. Qxc6 (38. a6 $2 Qe4 $1 39.
Qb8 c2 40. a7 c1=Q 41. a8=Q Qef4+ 42. Qxf4 Qxf4+ 43. Kg1 Qxf5 44. Qxc6 Qb1+ 45.
Kh2 Qxb3 $17) 38... Qxb3 39. Qe8 {only move, not an easy idea to spot if you
are already under pshychological pressure due to the loss of control in a
completely equal position}) 37... Qxc2 38. Qg3 Qxb3 39. a5 $2 {this is the
mistake that gives black the clear advantage, white could have kept equality
with} (39. Qg6+ $1 Kh8 40. Qe8+ Qg8 41. Qxc6 Qb8+ 42. Kh1 Qb1+ 43. Kh2 Qxf5 44.
Qxc3 Qf4+ 45. Qg3 $1 Qxa4 46. Qb8+ Kh7 47. Qb1+ $11 {it is not that easy to
asses this position from afar, especially if you are low on time}) 39... Kh8
40. Qd3 {now black find a very nice maneuver to finish the game} (40. Qg6 Qb8+
$1 41. Kh1 c2 $19) (40. a6 Qb6 41. Qg6 Qb8+ 42. Qg3 Qxg3+ 43. Kxg3 c2 44. a7
c1=Q 45. a8=Q+ Kh7 $19 {black is winning but he will have to prove it with
good technique}) 40... Qb8+ $19 41. Kh1 Qb2 {probably the move white missed}
42. Qe3 {now the c pawn is free to advance, but first black needs to protect
against perpetual check} Qb1+ 43. Kh2 Qb8+ 44. Kh1 c2 (44... Qe5 45. Qxe5 fxe5
46. a6 c2 47. a7 c1=Q+ $19) 45. a6 Kh7 46. a7 Qxa7 0-1

[Event "FRA-chT Top 12"]
[Site "Drancy"]
[Date "2016.06.06"]
[Round "10.3"]
[White "Fressinet, Laurent"]
[Black "Bacrot, Etienne"]
[Result "1-0"]
[ECO "C65"]
[WhiteElo "2692"]
[BlackElo "2702"]
[Annotator "RR"]
[PlyCount "83"]
[EventDate "2016.05.28"]
[EventType "team-tourn"]
[EventRounds "11"]
[EventCountry "FRA"]
[SourceTitle "CBM 172 Extra"]
[Source "ChessBase"]
[SourceDate "2016.06.21"]
[SourceVersion "1"]
[SourceVersionDate "2016.06.21"]
[SourceQuality "1"]
[WhiteTeam "Clichy Echecs"]
[BlackTeam "Bischwiller"]
[WhiteTeamCountry "FRA"]
[BlackTeamCountry "FRA"]
[TimeControl "40/5400+30:1800+30"]

1. e4 {[%emt 0:00:30] Prix de beauté de la 10ème ronde} e5 2. Nf3 Nc6 3. Bb5 Nf6 4. d3 {[%emt 0:00:00] Un système anti mur de Berlin populaire
depuis quelques années} Bc5 5. c3 O-O 6. O-O d6 7. h3 (7. Nbd2) 7... Ne7 8. d4 Bb6 9. Bd3 Ng6 10. Re1 c6 (10... Re8 11. Qc2 c6 12. Na3 Bc7 13. dxe5 Nxe5 14. Nxe5
dxe5 15. Be2 h6 16. Nc4 Nh7 17. Rd1 Qf6 18. Ne3 Qg6 19. Bg4 Bxg4 20. Nxg4 Bb6
21. a4 h5 22. Nh2 Nf6 23. a5 Bc5 24. b4 Bf8 25. Re1 a6 26. Nf3 Nd5 27. Qb3 Nf4
28. Bxf4 exf4 29. Rad1 Rad8 30. e5 Rxd1 31. Rxd1 Qf5 32. Re1 g5 33. Nd4 Qg6 34.
e6 Kh8 35. Qd1 fxe6 36. Nf3 g4 37. Ne5 Qf5 38. hxg4 hxg4 39. Nxg4 Bg7 40. Qd7 {
Vachier Lagrave,M (2788)-Kramnik,V (2801) Stavanger 2016 1/2-1/2}) 11. a4 Re8 12. Qc2 Nh5 $146 (12... Bc7 13. Be3 d5 14. Nbd2 exd4 15. Bxd4 Be6 16. Ng5 dxe4
17. Ndxe4 Nxe4 18. Nxe6 Rxe6 19. Rxe4 Rxe4 20. Bxe4 Bb6 21. Bxb6 axb6 22. Re1
Nf8 23. Bd3 Qd7 24. Bc4 Re8 25. Rd1 Qc7 26. Qd2 Qe5 27. Qd4 Qxd4 28. Rxd4 Re1+
29. Kh2 g6 30. g4 h6 31. h4 Kg7 32. g5 Re7 33. Kg3 f6 34. f4 Re3+ 35. Kf2 Re7
36. Rd8 hxg5 37. hxg5 fxg5 38. fxg5 Nd7 39. b4 Ne5 40. Bb3 Nf7 41. Bxf7 Kxf7
42. Kf3 {Zolochevsky,V (2366)-Ryvkin,M (2335) ICCF email 2014 1/2-1/2}) 13. Bg5 f6 14. Be3 Nhf4 15. Bf1 exd4 16. Nxd4 (
16. cxd4) 16... d5 17. Nd2 Bc7 18. Rad1 $32 Qd6 19. N4f3 Be6 20. exd5 Nxd5 21. Ne4 Qf8 22. Bc5 Qf7 23. c4 $36 Nb6 24. Bd6 Bf5 25. Bxc7 Rxe4 26. Rxe4 Qxc7 27. Bd3 Bxe4 28. Bxe4 Rd8 29.
Rxd8+ Qxd8 30. a5 $16 {[%emt 0:03:02][%csl
Ge4] Le B est trés fort dans cette position ouverte} Nd7 31.
a6 $1 Qb6 32. axb7 Qxb7 33. c5 Qb5 34. Nd4 Qxc5 35. Nxc6 Kf8 36. Qd2 Ke8 37. b4 Qc4 38. Bxg6+ hxg6 39. Qd6 Qe4 40. Qc7 Qe1+ 41. Kh2 Qd2 42. b5 1-0

[Event "Rohde op 09th"]
[Site "Sautron"]
[Date "2009.10.26"]
[Round "3"]
[White "Dvirnyy, Danyyil"]
[Black "Cabrera Pino, Alexis"]
[Result "1/2-1/2"]
[ECO "C65"]
[WhiteElo "2447"]
[BlackElo "2529"]
[Annotator "RR"]
[PlyCount "75"]
[EventDate "2009.10.24"]
[EventType "swiss"]
[EventRounds "9"]
[EventCountry "FRA"]
[SourceTitle "EXT 2010"]
[Source "ChessBase"]
[SourceDate "2010.11.25"]
[SourceVersion "1"]
[SourceVersionDate "2010.11.25"]
[SourceQuality "1"]
[TimeControl "6000"]
[WhiteClock "0:00:14"]
[BlackClock "0:00:27"]

1. e4 e5 {01H40} 2. Nf3 Nc6 3. Bb5 Nf6 4. O-O Bc5 5. c3 O-O 6. d4 Bb6 7. Bg5 h6
8. Bxf6 (8. Bh4 $142 d6 9. a4 a5 10. Re1 Bg4 11. Bxc6 bxc6 12. dxe5 dxe5 13.
Qxd8 Raxd8 14. Nxe5 $14 {Anand,V (2555)-Torre,E (2550) Far East Bank op 1990 
(10) 1-0}) 8... Qxf6 9. Bxc6 Qxc6 10. Nxe5 Qxe4 11. Nd2 Qh4 {01H40} (11... Qf5
12. Ndc4 d6 13. Ne3 Qe4 14. N5c4 Be6) 12. Nec4 d5 $11 13. Nxb6 axb6 14. Re1 Bg4
{01H28} 15. Qb3 Qg5 16. Nf1 Rae8 $146 {01H24} ({RR} 16... Rfe8 17. Re3 Rxe3 18.
Nxe3 Bf3 19. Qc2 Be4 20. Qe2 Re8 21. Qg4 Qxg4 22. Nxg4 f6 23. Re1 b5 24. f3 Bg6
25. Rxe8+ Bxe8 26. Ne3 c6 27. h4 Bg6 28. a3 Kf8 29. g3 Be8 30. Kf2 Bd7 31. h5 {
Breyther,R (2325)-Hegeler,F (2220)/Hamburg 1992/EXT 1997/1/2-1/2 (65)}) 17. Qb5
Qd8 {01H07} (17... Bh3 18. Ng3) 18. Re3 Qd7 19. Qxd7 Bxd7 20. Rae1 Rxe3 {01H00}
21. Rxe3 Ra8 22. a3 f6 23. f3 (23. Re7 Rd8 ) 23... Kf7 24. Kf2 g5
25. g3 Be6 {49mns} 26. Re1 Ke7 27. Ne3 Kd6 28. h4 b5 29. g4 $1 b6
(29... gxh4 30. Rh1 $16) 30. Nf5+ Kd7 {39mns} (30... Bxf5 31. gxf5 Rf8 32. Re6+ Kd7 33. Kg3 $36 )
31. Ng7 Bf7 32. Nf5 Be6 33. Ng7 Bf7 34. Kg3 Bg6 {27mns} 35. Nf5 Bxf5 36. gxf5
Re8 37. Rxe8 Kxe8 38. h5 1/2-1/2